 Dungeon Crawl Stone Soup version 0.18-a0-1748-g7377c14 (webtiles) character file.

137 Heskey the Skirmisher (level 5, -3/34 HPs)
             Began as a Gargoyle Fighter on Apr 12, 2016.
             Killed from afar by Sigmund (6 damage)
             ... with a puff of flame
             ... on level 2 of the Dungeon.
             The game lasted 00:03:35 (2142 turns).

Heskey the Skirmisher (Gargoyle Fighter)            Turns: 2142, Time: 00:03:35

Health: -3/34      AC: 15    Str: 20    XL:     5   Next: 20%
Magic:  5/5        EV:  5    Int:  9    God:
Gold:   113        SH:  9    Dex:  9    Spells: 0 memorised, 4 levels left

rFire  . . .     SeeInvis .     a - +1 flail
rCold  . . .     Gourm    .     n - +0 chain mail
rNeg   + . .     Faith    .     c - +0 shield
rPois  ∞         Spirit   .     m - +1 helmet
rElec  +         Dismiss  +     (no cloak)
rCorr  .         Reflect  .     (no gloves)
SustAt .         Harm     .     (no boots)
MR     .....                    e - amulet of dismissal
Stlth  ..........               (no ring)
                                (no ring)

@: not resistant to hostile enchantments, extremely unstealthy
A: negative energy resistance 1, electricity resistance, unbreathing,
petrification resistance, rot immunity, AC +4
a: no special abilities


You were on level 2 of the Dungeon.
You were very hungry.

You visited 1 branch of the dungeon, and saw 2 of its levels.

You collected 113 gold pieces.

Inventory:

Hand Weapons
 a - a +1 flail (weapon)
Armour
 c - a +0 shield (worn)
 m - a +1 helmet (worn)
 n - a +0 chain mail (worn)
Jewellery
 e - an amulet of dismissal (around neck)
Scrolls
 k - a scroll of identify
 l - a scroll of magic mapping
Potions
 d - a potion of mutation {unknown}
 j - a potion of invisibility {unknown}
 o - 2 potions of curing {unknown}
Comestibles
 b - a beef jerky
 f - 2 bread rations
 g - 2 meat rations


   Skills:
 * Level 4.8 Fighting
 + Level 3.0 Maces & Flails
 + Level 4.0 Armour
 + Level 3.8 Shields


You had 4 spell levels left.
You didn't know any spells.

Dungeon Overview and Level Annotations

Branches:
Dungeon (2/15)

Altars:
Fedhas

Annotations:
D:2 Natasha, Sigmund


Innate Abilities, Weirdness & Mutations

You are resistant to torment.
Your stone body is resilient (AC +4).
You are immune to poison.
You resist negative energy.
You are resistant to electric shocks.
You can survive without breathing.
You are immune to petrification.
You are immune to rotting.


Message History

The white imp gestures at you. The puff of frost hits you!
* * * LOW HITPOINT WARNING * * *
Something hits you but does no damage. The adder bites you.
* * * LOW HITPOINT WARNING * * *
Your chain mail prevents you from hitting the adder.
The white imp gestures at you. The puff of frost hits you!
The adder barely misses you. Something hits you.
* * * LOW HITPOINT WARNING * * *
You block the white imp's attack.
You hit the adder.
The adder is lightly wounded.
The adder bites you but does no damage. The white imp barely misses you.
The adder bites you but does no damage.
You barely miss the adder.
The adder is lightly wounded.
You hear some strange, mumbled words.
A puff of flame appears from out of thin air!
The puff of flame hits you!
You die...

#.#.....#####(.#
#...)...........
#............(##
#.............#.
#.............#. #
#.###########.#.
♣P≈## #.# #.....#.
♣≈..§§###h####
#.##....
≈≈..§§{@5b...#
#.##....
≈≈P..§##S§§§.#
#.##.... ≈≈P..
#r§§§.# #.##....
♣≈≈. #..§..#
#.##.... ≈♣≈
#.....# #.##.... #
.....r.. #.##....
.........#.#####.
..........#...>...
..........######(.


You could see Natasha, an adder, a white imp, a bat and a rat.

Vanquished Creatures
  Natasha (twice) (D:2)
  Robin (D:2)
  2 adders (D:2)
  2 dart slugs (D:1)
  2 giant geckos
  2 giant cockroaches
  11 goblins (D:1)
  8 hobgoblins
  2 jackals (D:1)
  5 bats
  2 giant newts (D:1)
  9 kobolds
  2 rats
50 creatures vanquished.

Vanquished Creatures (others)
  A plant (D:2)
1 creature vanquished.

Grand Total: 51 creatures vanquished

Notes
Turn   | Place    | Note
--------------------------------------------------------------
     0 | D:1      | Heskey the Gargoyle Fighter began the quest for the Orb.
     0 | D:1      | Reached XP level 1. HP: 14/14 MP: 1/1
   163 | D:1      | Reached XP level 2. HP: 18/19 MP: 2/2
   388 | D:1      | Reached XP level 3. HP: 19/24 MP: 3/3
   810 | D:2      | Noticed Robin
  1135 | D:2      | Killed Robin
  1137 | D:2      | Reached XP level 4. HP: 16/29 MP: 4/4
  1564 | D:2      | Noticed Natasha
  1617 | D:2      | Killed Natasha
  1869 | D:2      | Found a blossoming altar of Fedhas.
  1973 | D:2      | Noticed Natasha
  1983 | D:2      | Killed Natasha
  1983 | D:2      | Reached XP level 5. HP: 25/34 MP: 5/5
  2116 | D:2      | Noticed Natasha
  2118 | D:2      | Noticed Sigmund
  2142 | D:2      | Killed from afar by Sigmund

Vault maps used:
D:1:      dpeg_arrival_water_fire, st_stairs_7
D:2:      kennysheep_the_goblin_king, lemuel_crystal_altar, fedhas_altar_3,
          serial_bayou, serial_bayou_shore_b, serial_bayou_pond_a,
          serial_bayou_shore_b, serial_bayou_shore_b, solitary_fountain,
          uniq_natasha, uniq_sigmund, uniq_robin

Skill      XL: |  1  2  3  4 |
---------------+-------------+-----
Fighting       | 4 |  4.8
Maces & Flails | 3 |  3.0
Armour         | 4 |  4.0
Shields        | |  3.8

Action                   |  1- 3 |  4- 6 || total
-------------------------+-------+-------++-------
Melee: Flail             |   115 |   117 ||   232
  Use: Potion            |       |     1 ||     1
       Scroll            |       |     4 ||     4
  Eat: Chunk             |       |     3 ||     3
Armor: Scale mail        |    74 |    92 ||   166
       Chain mail        |       |    43 ||    43
Dodge: Dodged            |    55 |    60 ||   115
Block: Shield            |    68 |    78 ||   146
